 Dungeon Crawl Stone Soup version 0.29-a0-330-g52719c12eb (webtiles) character file.

Game seed: 4504617610096793475

431 Lauz the Spear-Bearer (level 7, -3/52 HPs)
             Began as a Merfolk Gladiator on May 28, 2022.
             Was an Initiate of Vehumet.
             Slain by an orc priest
             ... wielding a +0 mace
              (8 damage)
             ... on level 5 of the Dungeon.
             The game lasted 00:30:53 (5580 turns).

Lauz the Spear-Bearer (Merfolk Gladiator)           Turns: 5580, Time: 00:30:53

Health: -3/52      AC:  6    Str: 17    XL:     7   Next: 0%
Magic:  7/7        EV: 14    Int:  7    God:    Vehumet [......]
Gold:   245        SH:  0    Dex: 15    Spells: 5/6 levels left

rFire   . . .      SeeInvis .   a - +0 trident
rCold   + . .      Faith    .   (no shield)
rNeg    . . .      Spirit   .   b - +0 leather armour
rPois   .          Reflect  .   c - +0 helmet
rElec   .          Harm     .   k - +0 cloak
rCorr   .          Rampage  .   (no gloves)
Will    .....                   q - +0 pair of boots
Stlth   +.........              (no amulet)
HPRegen 0.17/turn               r - ring of protection from cold
MPRegen 0.10/turn               (no ring)

@: no status effects
A: (nimble swimmer 2), mertail
a: Renounce Religion


You were on level 5 of the Dungeon.
You worshipped Vehumet.
Vehumet was noncommittal.
You visited 2 branches of the dungeon, and saw 6 of its levels.

You collected 245 gold pieces.

Inventory:

Hand Weapons
 a - a +0 trident (weapon)
Missiles
 d - 4 throwing nets (quivered)
 e - a javelin
Armour
 b - a +0 leather armour (worn)
 c - a +0 helmet (worn)
 k - a +0 cloak (worn)
 p - a scarf of shadows
 q - a +0 pair of boots (worn)
 s - a +0 crystal plate armour
Jewellery
 r - a ring of protection from cold (left hand)
Scrolls
 f - a scroll of enchant weapon {unknown}
 g - 4 scrolls of identify {unknown}
 i - 3 scrolls of teleportation {unknown}
 l - a scroll of brand weapon {unknown}
 m - a scroll of noise {unknown}
 n - 2 scrolls of blinking {unknown}
 o - 2 scrolls of magic mapping {unknown}
 t - a scroll of immolation {unknown}
 u - a scroll of fear {unknown}
 v - a scroll of amnesia {unknown}
 w - a scroll of enchant armour {unknown}
Potions
 h - a potion of lignification {unknown}
 j - a potion of brilliance {unknown}
 x - a potion of haste {unknown}


   Skills:
 + Level 3.2 Fighting
 * Level 8.1 Polearms
 - Level 2.0 Throwing
 * Level 6.0 Dodging
 + Level 1.4 Ice Magic


You had 5 spell levels left.
You knew the following spells:

 Your Spells              Type           Power      Damage    Failure   Level
a - Freeze                Ice            8%         1d3       32%         1

Your spell library contained the following spells:

 Spells                   Type           Power      Damage    Failure   Level
 Frozen Ramparts          Ice            4%         1d2       67%         3
 Hailstorm                Conj/Ice       1%         3d3       99%         4


Dungeon Overview and Level Annotations

Branches:
Dungeon (5/15)             Temple (1/1) D:4

Altars:
Ashenzari
Cheibriados
Elyvilon
Fedhas
Gozag
Makhleb
Nemelex Xobeh
Okawaru
Qazlal
Ru
Sif Muna
Trog
Uskayaw
Vehumet
Wu Jian
Yredelemnul
Zin
The Shining One

Annotations:
D:3 Grinder, Sigmund


Innate Abilities, Weirdness & Mutations

((You are very nimble when in or above water. (Stealth+, EV+, Speed+++)))
Your lower body shifts to a powerful aquatic tail in water.


Message History

The orc is almost dead.
The orc hits you with a +0 hand axe.
You barely miss the orc.
The orc is almost dead.
The orc hits you with a +0 club. The orc barely misses you.
You hit the orc.
You kill the orc!
Vehumet accepts your kill. The orc misses you.
You barely miss the orc. The orc closely misses you.
You puncture the orc!
You kill the orc!
Vehumet accepts your kill.
You have reached level 7!
The orc priest calls down the wrath of Beogh upon you.
Beogh smites you!
You hit the orc priest.
The orc priest is heavily wounded.
The orc priest calls down the wrath of Beogh upon you.
Beogh smites you!
You hit the orc priest.
You punch the orc priest, but do no damage.
The orc priest is heavily wounded.
Something hits you.
* * * LOW HITPOINT WARNING * * *
Deactivating autopickup; reactivate with Ctrl-A.
Something hits you.
* * * LOW HITPOINT WARNING * * *
The orc priest hits you but does no damage.
Okay, then.
Unknown command.
You closely miss the orc priest.
The orc priest is heavily wounded.
Something barely misses you.
You hit the orc priest.
The orc priest is severely wounded.
Something hits you.
* * * LOW HITPOINT WARNING * * *
The orc priest hits you with a +0 mace!
You die...

... ... ... ....
#.##..### .....
##.......# .....
#........# ...[##.......#
#.........# #.........#
##.........#
#....@#....##
##...o#.....##
##...))........
#..........###.
.............##
....#..........#
....#...........#
..........[....##
...........(.............


You could see an orc priest.

Vanquished Creatures
  A centaur (D:4)
  2 necrophages
  Jessica (D:1)
  Robin (D:4)
  3 gnolls (D:1)
  5 adders
  14 orcs
  11 ball pythons
  4 endoplasms
  12 giant cockroaches
  13 goblins
  6 hobgoblins
  4 jackals (D:1)
  4 kobolds
  2 quokkas
  6 bats
  6 frilled lizards
  5 rats (D:1)
100 creatures vanquished.

Notes
Turn   | Place    | Note
-------+----------+-------------------------------------------
     0 | D:1      | Lauz the Merfolk Gladiator began the quest for the Orb.
     0 | D:1      | Reached XP level 1. HP: 16/16 MP: 1/1
    38 | D:1      | Reached XP level 2. HP: 22/22 MP: 2/2
   300 | D:1      | Reached skill level 5 in Polearms
   312 | D:1      | Reached XP level 3. HP: 28/28 MP: 3/3
   391 | D:1      | Learned a level 1 spell: Freeze
  1115 | D:1      | Reached XP level 4. HP: 21/34 MP: 4/4
  1350 | D:2      | Found a faded altar of an unknown god.
  1654 | D:2      | Reached skill level 6 in Polearms
  1760 | D:2      | Reached skill level 5 in Dodging
  1922 | D:3      | Noticed Jessica
  2380 | D:1      | Killed Jessica
  2381 | D:1      | Reached XP level 5. HP: 37/39 MP: 5/5
  2411 | D:3      | Noticed Sigmund
  2465 | D:3      | Noticed Grinder
  2467 | D:3      | Paralysed by Grinder for 3 turns
  2594 | D:3      | Reached skill level 1 in Ice Magic
  2754 | D:4      | Reached skill level 7 in Polearms
  2754 | D:4      | Reached XP level 6. HP: 15/47 MP: 6/6
  3179 | D:3      | Paralysed by Grinder for 7 turns
  3229 | D:4      | Found a staircase to the Ecumenical Temple.
  3250 | Temple   | Entered the Ecumenical Temple
  3461 | Temple   | Became a worshipper of Vehumet
  3741 | D:4      | Noticed Robin
  4616 | D:4      | Killed Robin
  4915 | D:4      | Reached skill level 8 in Polearms
  5207 | D:5      | Entered Level 5 of the Dungeon
  5570 | D:5      | Reached XP level 7. HP: 45/52 MP: 7/7
  5580 | D:5      | Slain by an orc priest

Illustrated notes

Levels and vault maps discovered:
D:1:      minmay_arrival_shoal_huts, layout_basic
D:2:      layout_rooms, ebering_ecumenical_altar_box
D:3:      minmay_roachtagon, layout_basic, minmay_fractal_squares_diagonal_5,
          uniq_jessica, uniq_grinder, uniq_sigmund
D:4:      layout_gridville, minmay_temple_entry_tees, uniq_robin
D:5:      layout_cave_pools, amethyst_overflow_temple_binary,
          chequers_serial_rivers_small_a
Temple:   dpeg_five_rooms_temple

Skill      XL: |  1  2  3  4  5  6 |
---------------+-------------------+-----
Polearms       | 5 6 7 8 |  8.1
Dodging        | 5 6 |  6.0
Ice Magic      | 1 |  1.4
Fighting       | 3 |  3.2
Throwing       | |  2.0

Action                   |  1- 3 |  4- 6 |  7- 9 || total
-------------------------+-------+-------+-------++-------
Melee: Trident           |   105 |   232 |     4 ||   341
       Tailslap          |     3 |     3 |       ||     6
       Punch             |       |     2 |     1 ||     3
Throw: Throwing net      |       |     3 |       ||     3
 Cast: Freeze            |       |    15 |       ||    15
  Use: Potion            |       |     3 |       ||     3
 Stab: Sleeping          |     1 |     1 |       ||     2
Armor: Leather armour    |    22 |    79 |     1 ||   102
Dodge: Dodged            |    71 |   195 |     1 ||   267

Table legend: (Time is in decaauts)
 A = Elapsed time spent in this place.
 B = Non-inter-level travel time spent in this place.
 C = Inter-level travel time spent in this place.
 D = Time resting spent in this place.
 E = Time spent auto-exploring this place.
 F = Levels seen in this place.
 G = Mean time per level.
                   A        B        C        D        E       F      G
               +--------+--------+--------+--------+--------+-----+--------+
         Total |   5476 |   5220 |    256 |   1575 |   2042 |   6 |  912.7 |
       Dungeon |   5125 |   4916 |    209 |   1545 |   1982 |   5 | 1025.0 |
        Temple |    351 |    304 |     47 |     30 |     60 |   1 |  351.0 |
               +--------+--------+--------+--------+--------+-----+--------+

Top non-repeatable levels by time:
     D:1: 1559 daAuts
     D:4: 1461 daAuts
     D:2: 1083 daAuts
     D:3: 962 daAuts
  Temple: 351 daAuts
     D:5: 58 daAuts
